 Dungeon Crawl Stone Soup version 0.25-a0-834-g55863b0b92 (webtiles) character file.

Game seed: 16237271849161525749, levelgen mode: deterministic

112 Nixze the Firebug (level 4, -9/36 HPs)
             Began as a Draconian Fire Elementalist on Apr 22, 2020.
             Killed from afar by Ijyb (20 damage)
             ... with a bolt of acid
             ... on level 3 of the Dungeon.
             The game lasted 00:05:10 (3131 turns).

Nixze the Firebug (Draconian Fire Elementalist)     Turns: 3131, Time: 00:05:10

Health: -9/36      AC:  1    Str: 10    XL:     4   Next: 63%
Magic:  2/7        EV: 12    Int: 17    God:
Gold:   81         SH:  0    Dex: 11    Spells: 7/8 levels left

rFire    . . .     SeeInvis .   j - +0 whip
rCold    . . .     Gourm    .   (no shield)
rNeg     . . .     Faith    .   (armour unavailable)
rPois    .         Spirit   .   (helmet restricted)
rElec    .         Reflect  .   (no cloak)
rCorr    .         Harm     .   (no gloves)
MR       .....                  (no boots)
Stlth    ++........             (no amulet)
HPRegen  0.12/turn              m - ring of flight
MPRegen  0.10/turn              (no ring)

@: corroded
A: unfitting armour, cold-blooded, AC +5
a: Evoke Flight


You were on level 3 of the Dungeon.
You were not hungry.

You visited 1 branch of the dungeon, and saw 3 of its levels.

You collected 81 gold pieces.

Inventory:

Hand Weapons
 j - a +0 whip (weapon)
Armour
 c - a +1 kite shield of protection
Jewellery
 m - a ring of flight (left hand)
Scrolls
 a - 2 scrolls of amnesia {unknown}
 f - a scroll of enchant armour {unknown}
 i - a scroll of identify {unknown}
 k - a scroll of teleportation {unknown}
 n - a scroll of blinking {unknown}
Potions
 d - a potion of degeneration {unknown}
 e - a potion of resistance {unknown}
 g - 2 potions of curing {unknown}
 h - 2 potions of invisibility {unknown}
Comestibles
 b - 2 rations
 l - 3 chunks of flesh


   Skills:
 + Level 1.6 Fighting
 - Level 1.7 Dodging
 - Level 1.7 Stealth
 + Level 1.0 Shields
 + Level 2.5 Spellcasting
 + Level 2.0 Conjurations
 * Level 4.1 Fire Magic


You had 7 spell levels left.
You knew the following spells:

 Your Spells              Type           Power        Failure   Level  Hunger
a - Foxfire               Conj/Fire      ##..         5%          1    #......

Your spell library contained the following spells:

 Spells                   Type           Power        Failure   Level  Hunger
 Conjure Flame            Conj/Fire      ##......     16%         3    ###....
 Inner Flame              Hex/Fire       #.......     24%         3    ###....
 Sticky Flame             Conj/Fire      ##......     45%         4    #####..
 Fireball                 Conj/Fire      ##........   82%         5    ######.


Dungeon Overview and Level Annotations

Branches:
Dungeon (3/15)

Altars:

Annotations:
D:3 Ijyb


Innate Abilities, Weirdness & Mutations

Your plain brown scales are hard. (AC +5)
You cannot fit into any form of body armour.
You are cold-blooded and may be slowed by cold attacks.


Message History

The foxfire hits Ijyb.
Ijyb is heavily wounded.
Casting: Foxfire (safe; 5% risk of failure)
Confirm with . or Enter, or press ? or * to list all spells.
You conjure some foxfire!
Ijyb zaps a wand.
The bolt of acid hits you! The acid corrodes you!
You are splashed with acid!
The foxfire hits Ijyb.
Ijyb is heavily wounded.
The foxfire hits Ijyb but does no damage.
Ijyb is heavily wounded.
Casting: Foxfire (safe; 5% risk of failure)
Confirm with . or Enter, or press ? or * to list all spells.
You conjure some foxfire!
The foxfire hits Ijyb.
Ijyb is severely wounded.
The foxfire hits Ijyb but does no damage.
Ijyb is severely wounded.
Ijyb zaps a wand.
The bolt of acid hits you!!
Ouch! That really hurt!
You die...

..................
...................
...................
...................
...................
...................
.........§......$..
.........§§.g......
###.#...@§.#####^.
#.#.####.#
#.....<#.#
###.#..#..
#.....#.÷#..#
........#..#...
###.###.####.##. ..
#.# .# #.#


You could see Ijyb.

Vanquished Creatures
  2 adders (D:2)
  A gnoll (D:1)
  4 worms
  4 dart slugs
  3 leopard geckos
  5 giant cockroaches
  7 goblins
  10 hobgoblins
  2 jackals (D:2)
  2 quokkas
  A ball python (D:1)
  2 bats
  5 frilled lizards
  6 kobolds
  8 rats
62 creatures vanquished.

Vanquished Creatures (others)
  198 foxfires
198 creatures vanquished.

Grand Total: 260 creatures vanquished

Notes
Turn   | Place    | Note
-------+----------+-------------------------------------------
     0 | D:1      | Nixze the Draconian Fire Elementalist began the quest for
                  | the Orb.
     0 | D:1      | Reached XP level 1. HP: 14/14 MP: 3/3
   226 | D:1      | Reached XP level 2. HP: 22/22 MP: 0/5
   402 | D:1      | Reached skill level 1 in Fighting
   500 | D:1      | Reached XP level 3. HP: 22/28 MP: 0/6
  1957 | D:2      | Reached XP level 4. HP: 23/35 MP: 5/7
  2238 | D:2      | Reached skill level 4 in Fire Magic
  2692 | D:2      | Reached skill level 1 in Shields
  3122 | D:3      | Noticed Ijyb
  3131 | D:3      | Killed from afar by Ijyb

Levels and vault maps discovered:
D:1:      nicolae_arrival_washed_ashore, layout_rooms
D:2:      layout_basic, st_stairs_7
D:3:      layout_basic, first_ration, uniq_ijyb

Skill      XL: |  1  2  3  4 |
---------------+-------------+-----
Fighting       | 1 |  1.6
Fire Magic     | 4 |  4.1
Shields        | 1 |  1.0
Conjurations   | 2 |  2.0
Dodging        | |  1.7
Stealth        | |  1.7
Spellcasting   | |  2.5

Action                   |  1- 3 |  4- 6 || total
-------------------------+-------+-------++-------
Melee: Unarmed           |     8 |       ||     8
       Club              |    16 |       ||    16
       Tailslap          |     6 |       ||     6
       Whip              |    20 |     6 ||    26
 Cast: Foxfire           |    76 |    55 ||   131
 Stab: Sleeping          |     2 |       ||     2
  Eat: Chunk             |     4 |     4 ||     8
Armor: Skin              |    15 |     2 ||    17
Dodge: Dodged            |    39 |    11 ||    50

Table legend:
 A = Non-vault XP
 B = Vault XP
 C = Vault XP percentage of total XP
 D = Non-vault monster count
 E = Vault monster count
 F = Vault count percentage of total count
                 A         B        C        D         E       F
            +---------+---------+-------+---------+---------+-------
      Total |     159 |       1 |   0.6 |      61 |       1 |   1.6
            +---------+---------+-------+---------+---------+-------
        D:1 |      53 |       0 |   0.0 |      24 |       0 |   0.0
        D:2 |      95 |       1 |   1.0 |      34 |       1 |   2.9
        D:3 |      11 |       0 |   0.0 |       3 |       0 |   0.0
            +---------+---------+-------+---------+---------+-------
